AoeStats
← Johannes Kepler

QS Arena

503496268Analyzed
1v1 RM · 1mo ago on Aug 31, 2026· 46m 13s· 2 players
Game mode
Random Map
Map size
Tiny (2 player)
Population
200
Speed
Normal
Resources
Standard
Victory
Conquest
Starting age
Dark Age
Ending age
Imperial Age
RankedLock teamsTeams togetherTeam positionsShared explorationLock speedFull tech treeHidden civsTurbo modeCheats
Victory
Defeat
🇧🇷 Bohemians · Brazil
931
+16
🇨🇴 Bohemians · Colombia
937
-16
Johannes Kepler
7:06 Loom
8:51 Feudal Age
9:58 Double-Bit Axe
9:56 Horse Collar
14:45 Castle Age
13:41 Scale Barding Armor
13:57 Forging
15:57 Bow Saw
25:03 Treadmill Crane
27:01 Chemistry
29:34 Imperial Age
27:40 Fletching
27:58 Heavy Plow
28:37 Wheelbarrow
28:28 Light Cavalry
29:35 Chain Barding Armor
39:30 Iron Casting
41:32 Cavalier
mosqueteroc
7:48 Feudal Age
8:14 Horse Collar
8:54 Double-Bit Axe
15:47 Castle Age
17:54 Light Cavalry
26:13 Imperial Age
23:31 Loom
23:34 Town Watch
25:57 Chemistry
25:29 Redemption
27:00 Ballistics
32:47 Cavalier
44:09 Forging
44:05 Scale Barding Armor
44:02 Husbandry
43:55 Pikeman
46:34 Squires
Connection lost

Rejoining the realm…

Still unreachable

The connection could not be restored.

Session expired

The server has moved on; the page needs a fresh start.